General information
- name: Partida local (miguel)
- type: Custom game
- host: miguel
- saver: miguel
map: BanditRidge
- players: 2
- length: 31:51
- speed: Fast
- version: 1.26 W3XP
- replay type: Public
» download(147 KB)
Players
team 1 (winner)
miguel (
brown | 52 APM | 1643 actions | 31:51)
5 Archmage
3 Blizzard
2 Summon Water Elemental
4 Mountain King
2 Storm Bolt
2 Bash
» actions
| Assign group hotkey | 59 | |
| Basic commands | 1 | |
| Build / train | 115 | |
| Enter build submenu | 31 | |
| Enter hero's abilities submenu | 9 | |
| Give item / drop item | 5 | |
| Remove unit from queue | 5 | |
| Right click | 777 | |
| Select / deselect | 396 | |
| Select group hotkey | 129 | |
| Use ability | 116 | |
1643 total
» units
| Peasant | 22 | |
| Footman | 5 | |
| Rifleman | 8 | |
| Mortar Team | 10 | |
| Sorceress | 8 | |
| Priest | 3 | |
| Knight | 2 | |
58 total
» upgrades
| Lumber Harvesting | 1 | |
| Sorceress Training | 2 | |
| Masonry | 3 | |
| Defend | 1 | |
| Priest Training | 2 | |
| Long Rifles | 1 | |
| Armor | 1 | |
11 total
» buildings
| Altar of Kings | 1 | |
| Farm | 15 | |
| Arcane Vault | 1 | |
| Barracks | 2 | |
| Scout Tower | 5 | |
| Lumber Mill | 1 | |
| Arcane Tower | 1 | |
| Blacksmith | 1 | |
| Keep | 1 | |
| Town Hall | 1 | |
| Guard Tower | 5 | |
| Workshop | 1 | |
| Arcane Sanctum | 1 | |
| Castle | 1 | |
37 total
» build order
00:05 Altar of Kings
00:07 Farm
00:19 Farm
00:44 Arcane Vault
01:06 Farm
01:25 Barracks
01:35 Scout Tower
01:59 Farm
02:05 Lumber Mill
02:26 Arcane Tower
02:50 Farm
02:52 Farm
03:33 Blacksmith
04:48 Keep
05:49 Scout Tower
05:51 Scout Tower
05:52 Scout Tower
05:55 Scout Tower
06:13 Town Hall
06:28 Guard Tower
06:35 Guard Tower
06:54 Farm
07:32 Guard Tower
08:00 Workshop
08:47 Arcane Sanctum
09:23 Guard Tower
10:31 Farm
10:34 Farm
10:36 Farm
12:30 Castle
13:30 Farm
13:32 Farm
13:32 Farm
15:34 Barracks
17:22 Farm
17:24 Farm
20:32 Guard Tower
» items
| Scroll of Regeneration | 8 | |
| Mechanical Critter | 1 | |
| Ivory Tower | 3 | |
| Potion of Healing | 3 | |
| Scroll of Town Portal | 3 | |
| Potion of Mana | 1 | |
| Staff of Teleportation | 1 | |
| Orb of Fire | 1 | |
21 total
team 2 (loser)
kodachi (
green | 55 APM | 1653 actions | 29:48)
5 Shadow Hunter
3 Healing Wave
1 Serpent Ward
1 Hex
» actions
| Assign group hotkey | 41 | |
| Build / train | 82 | |
| Enter build submenu | 39 | |
| Enter hero's abilities submenu | 5 | |
| Remove unit from queue | 6 | |
| Right click | 952 | |
| Select / deselect | 331 | |
| Select group hotkey | 97 | |
| Use ability | 100 | |
1653 total
» units
| Peon | 26 | |
| Grunt | 14 | |
| Troll Headhunter/Berserker | 2 | |
| Shaman | 1 | |
| Wind Rider | 10 | |
| Spirit Walker | 3 | |
| Troll Witch Doctor | 1 | |
57 total
» upgrades
| Pillage | 1 | |
| Spirit Walker Training | 1 | |
2 total
» buildings
| Altar of Storms | 1 | |
| Orc Burrow | 11 | |
| Barracks | 1 | |
| Voodoo Lounge | 2 | |
| War Mill | 1 | |
| Watch Tower | 8 | |
| Stronghold | 1 | |
| Great Hall | 2 | |
| Spirit Lodge | 1 | |
| Beastiary | 1 | |
29 total
» build order
00:08 Altar of Storms
00:12 Orc Burrow
00:16 Barracks
01:58 Orc Burrow
03:00 Voodoo Lounge
03:03 War Mill
03:09 Orc Burrow
04:50 Watch Tower
04:53 Watch Tower
06:15 Stronghold
06:31 Watch Tower
06:32 Watch Tower
09:32 Watch Tower
09:35 Watch Tower
10:30 Orc Burrow
10:32 Orc Burrow
10:45 Voodoo Lounge
11:54 Watch Tower
12:49 Great Hall
13:26 Spirit Lodge
14:19 Beastiary
16:34 Orc Burrow
16:37 Orc Burrow
16:41 Orc Burrow
16:49 Watch Tower
17:58 Orc Burrow
18:31 Orc Burrow
25:26 Great Hall
26:59 Orc Burrow
» items
| Lesser Clarity Potion | 3 | |
| Healing Salve | 5 | |
| Periapt of Vitality | 1 | |
| Potion of Healing | 1 | |
| Potion of Mana | 1 | |
11 total
Chat log
(25:12 / All) kodachi: SOY JILIPOLLAS
(25:17 / All) kodachi: NO ME COPRO PERGAMINOS
(25:26 / All) miguel: no te daba tiempo
(25:43 / All) miguel: targe 5 segundos en castear y te reviento la base tenia muchos mortals
(29:10 / All) kodachi: NAAA
(29:14 / All) kodachi: VETE A LA MIERD
(29:19 / All) miguel: JAJAJ